[Event "Titled Tuesday Blitz February 07 Early 2023"]
[White "Winkels, Marcel"]
[Black "Bernat, David"]
[WhiteFideId "1003887"]
[BlackFideId "2099225"]
[WhiteElo "1960"]
[BlackElo "1862"]
[Result "0-1"]
[Round "04"]
[TimeControl "180+2"]
[Date "2023.02.07"]
[WhiteClock "0:01:13"]
[BlackClock "0:01:16"]

1. e4 c5 2. Nf3 g6 3. d4 cxd4 4. Nxd4 Nc6 5. c4 Nf6 6. Nc3 d6 7. Be3 Ng4 8. Nxc6 bxc6 9. Bf4 Qb6 10. Qd2 Bg7 11. Be2 Qxf2+ 12. Kd1 Qxg2 13. Kc2 Bxc3 14. bxc3 Nf2 15. Bd3 Qf3 16. Rhf1 Qxd3+ 17. Qxd3 Nxd3 18. Kxd3 f5 19. e5 dxe5 20. Bxe5 O-O 21. Rad1 Rd8+ 22. Kc2 Ba6 23. Rf4 Rxd1 24. Kxd1 Rd8+ 25. Rd4 Rxd4+ 26. Bxd4 Bxc4 27. Bxa7 Bxa2 28. Bb8 Kf7 29. Kd2 Ke6 30. Ke3 Kd5 31. Kf4 Bb1 32. h4 h6 33. Bc7 e5+ 34. Ke3 g5 35. hxg5 hxg5 36. Bd8 g4 37. Bg5 f4+ 38. Kf2 g3+ 39. Kf3 Be4+ 40. Ke2 f3+ 41. Kf1 Bd3+ 0-1


[Site "https://www.chess.com"]

[Event "Titled Tuesday Blitz February 07 Early 2023"]
[White "Kiseleva, Arina"]
[Black "Vifleemskaia, Svetlana"]
[WhiteFideId "4164989"]
[BlackFideId "4129490"]
[WhiteElo "1962"]
[BlackElo "1971"]
[Result "0-1"]
[Round "04"]
[TimeControl "180+2"]
[Date "2023.02.07"]
[WhiteClock "0:00:01"]
[BlackClock "0:00:12"]

1. d4 Nf6 2. Nf3 d5 3. e3 c5 4. Bd3 c4 5. Be2 b5 6. b3 Bb7 7. a4 a6 8. O-O e6 9. axb5 axb5 10. Rxa8 Bxa8 11. Ne5 Nbd7 12. f4 Ne4 13. f5 Nxe5 14. fxe6 fxe6 15. dxe5 Bc5 16. Bh5+ g6 17. Bg4 Qe7 18. bxc4 bxc4 19. c3 Bc6 20. Qc2 Rf8 21. Bf3 Ng5 22. Nd2 Bxe3+ 23. Kh1 Bxd2 24. Bxd2 Nxf3 25. gxf3 Kf7 26. Bh6 Rd8 27. Qd2 Rb8 28. Bg5 Qf8 29. Qf4+ Ke8 30. Bf6 Kd7 31. Qd4 Rb7 32. Kg1 Qa3 33. Qh4 Kc8 34. Qd4 Qa7 35. f4 Qxd4+ 36. cxd4 Rb3 37. f5 gxf5 38. Ra1 Kb7 39. Kf2 c3 40. Ke2 Bb5+ 41. Kd1 Rb2 42. Ke1 Bd3 43. Ra3 c2 44. Kd2 Rb1 45. Rc3 Be4 46. h4 h5 47. Be7 Rd1+ 0-1


[Site "https://www.chess.com"]

[Event "Titled Tuesday Blitz February 07 Early 2023"]
[White "Koridze, Lile"]
[Black "Sabar, Ethmane Daouda"]
[WhiteFideId "13612514"]
[BlackFideId "19600097"]
[WhiteElo "2191"]
[BlackElo "2040"]
[Result "1/2-1/2"]
[Round "04"]
[TimeControl "180+2"]
[Date "2023.02.07"]
[WhiteClock "0:00:17"]
[BlackClock "0:00:08"]

1. d4 d5 2. c4 e6 3. Nf3 c6 4. e3 Nf6 5. Bd3 dxc4 6. Bxc4 b5 7. Bd3 Bb7 8. O-O a6 9. Nc3 Nbd7 10. Ne4 Nxe4 11. Bxe4 Nf6 12. Bd3 c5 13. dxc5 Bxc5 14. b3 O-O 15. Bb2 Qe7 16. Qe2 Ne4 17. Rac1 Rac8 18. Rfd1 Rfd8 19. Bxe4 Bxe4 20. Nd4 e5 21. Nf3 f6 22. h3 Bb6 23. Rxd8+ Rxd8 24. Rd1 Kf7 25. Ne1 Rd7 26. Rxd7 Qxd7 27. f3 Bb1 28. a3 Qd5 29. b4 g6 30. Bc1 f5 31. Qb2 Ba2 32. Kh2 Bc4 33. Qd2 Qxd2 34. Bxd2 Ke6 35. g4 e4 36. fxe4 fxe4 37. Kg3 Bc7+ 38. Kf2 Be5 39. Bc1 Bb3 40. Ng2 g5 41. Ke2 Kd5 42. Ne1 Bc4+ 43. Kd2 Bb3 44. Nc2 Kc4 45. Nd4 Bxd4 46. exd4 Kxd4 47. Bb2+ Kd5 48. Bf6 Ba4 49. Bxg5 Kc4 50. Ke3 Bc2 51. Ke2 Kb3 52. Bc1 Bd3+ 53. Ke3 Kc2 54. Bd2 Kb2 55. Be1 Kxa3 56. Bc3 Kb3 57. Bd2 Bf1 58. Kxe4 Bxh3 59. g5 Kc2 60. Be1 Be6 61. Ke5 Bf7 62. Kf6 Bg6 63. Ke5 Kb3 64. Kd6 Ka4 65. Kc5 Bf5 66. Bc3 Bg6 67. Bd2 Bf5 68. Bc3 Bg6 69. Bd2 Bf5 70. Bc3 1/2-1/2


[Site "https://www.chess.com"]

[Event "Titled Tuesday Blitz February 07 Early 2023"]
[White "Bolanos, Fernando"]
[Black "Cramling Bellon, Anna"]
[WhiteFideId "3304094"]
[BlackFideId "32009232"]
[WhiteElo "2248"]
[BlackElo "2043"]
[Result "0-1"]
[Round "04"]
[TimeControl "180+2"]
[Date "2023.02.07"]
[WhiteClock "0:00:02"]
[BlackClock "0:00:05"]

1. e3 c5 2. Nf3 d5 3. d4 cxd4 4. exd4 Nc6 5. Bd3 Bg4 6. c3 e6 7. Nbd2 Nf6 8. O-O Bd6 9. h3 Bh5 10. Re1 O-O 11. Nf1 h6 12. Ng3 Bg6 13. Bxg6 fxg6 14. Rxe6 Qd7 15. Re1 Bxg3 16. fxg3 Ne4 17. Bf4 g5 18. Be5 g4 19. hxg4 Qxg4 20. Nd2 Nxe5 21. Nxe4 Nf3+ 22. gxf3 Rxf3 23. Qb3 Rf5 24. Rf1 Qxe4 25. Rxf5 Qxf5 26. Rf1 Qe4 27. Qxb7 Re8 28. Qf7+ Kh8 29. Qf3 Qg6 30. Kg2 Re4 31. Rf2 Rg4 32. b4 h5 33. Qf5 Rxg3+ 34. Kh2 Rg2+ 35. Kh1 Rg1+ 36. Kh2 Qg3# 0-1


[Site "https://www.chess.com"]

[Event "Titled Tuesday Blitz February 07 Early 2023"]
[White "Levine, David"]
[Black "Zaichenko, Daria"]
[WhiteFideId "2011611"]
[BlackFideId "4197453"]
[WhiteElo "2040"]
[BlackElo "2104"]
[Result "1/2-1/2"]
[Round "04"]
[TimeControl "180+2"]
[Date "2023.02.07"]
[WhiteClock "0:00:12"]
[BlackClock "0:00:48"]

1. d4 d5 2. c4 e6 3. g3 Nf6 4. Bg2 Be7 5. Nf3 O-O 6. O-O dxc4 7. Na3 Bxa3 8. bxa3 c6 9. Ne5 b5 10. Nxc6 Nxc6 11. Bxc6 Rb8 12. Bg2 a5 13. Bf4 Rb6 14. Rc1 Nd5 15. a4 Nxf4 16. gxf4 Bd7 17. axb5 Bxb5 18. e3 Qd7 19. Re1 Rc8 20. Rc3 Ba4 21. Qc1 Qb5 22. Qa3 Qb4 23. Rec1 Bb5 24. Bf1 Rbc6 25. R1c2 Ba4 26. Rc1 Bb5 27. R1c2 Ba4 28. Rc1 Bb5 1/2-1/2


[Site "https://www.chess.com"]

[Event "Titled Tuesday Blitz February 07 Early 2023"]
[White "Balint, Vilmos"]
[Black "Necula, Iulian"]
[WhiteFideId "718050"]
[BlackFideId "1232380"]
[WhiteElo "2169"]
[BlackElo "1851"]
[Result "1-0"]
[Round "04"]
[TimeControl "180+2"]
[Date "2023.02.07"]
[WhiteClock "0:00:29"]
[BlackClock "0:00:02"]

1. e4 c5 2. Nf3 d6 3. d4 cxd4 4. Nxd4 Nf6 5. Bb5+ Bd7 6. Bxd7+ Qxd7 7. f3 g6 8. O-O Bg7 9. Be3 O-O 10. c4 Nc6 11. b3 a6 12. Nc3 Rab8 13. Rc1 Rfc8 14. Nd5 Nxd5 15. exd5 Nxd4 16. Bxd4 Bxd4+ 17. Qxd4 b5 18. Rfe1 bxc4 19. Rxc4 Rxc4 20. Qxc4 Qa7+ 21. Kf1 Qb7 22. Qc6 Kf8 23. Rc1 Qb5+ 24. Kf2 Qb4 25. Rc2 Qb6+ 26. Qxb6 Rxb6 27. Rc6 Rxc6 28. dxc6 Ke8 29. b4 Kd8 30. a4 Kc7 31. b5 axb5 32. axb5 e5 33. Ke3 d5 34. Kd3 f5 35. g4 e4+ 36. fxe4 fxe4+ 37. Kd4 Kb6 38. g5 Kc7 39. h4 Kd6 40. Ke3 Kc7 41. Kf4 Kb6 42. Ke3 Kc7 43. Kd4 Kb6 44. Kxd5 e3 45. Kd6 e2 46. c7 e1=Q 47. c8=Q Qg3+ 48. Ke7 Qa3+ 49. Kf7 Qa7+ 50. Kg8 Kxb5 51. Qe8+ Kc4 52. Qe4+ Kc3 53. Qe5+ Kd3 54. Qg7 Qb8+ 55. Kxh7 Qb4 56. Qxg6+ Ke3 57. h5 Kf4 58. Qf6+ Kg4 59. h6 Qb7+ 60. Qg7 Qc8 61. g6 Qf5 62. Qf7 Qh5 63. Qe6+ Kf4 64. g7 1-0


[Site "https://www.chess.com"]

[Event "Titled Tuesday Blitz February 07 Early 2023"]
[White "So, Wesley"]
[Black "Kaasen, Tor Fredrik"]
[WhiteFideId "5202213"]
[BlackFideId "1516647"]
[WhiteElo "2760"]
[BlackElo "2480"]
[Result "1-0"]
[Round "05"]
[TimeControl "180+2"]
[Date "2023.02.07"]
[WhiteClock "0:00:19"]
[BlackClock "0:00:03"]

1. d4 Nf6 2. c4 e6 3. Bf4 d5 4. cxd5 exd5 5. Nc3 c6 6. e3 Bf5 7. Nge2 Bd6 8. Ng3 Bg6 9. Bxd6 Qxd6 10. h4 h5 11. Be2 Nbd7 12. Bf3 Nb6 13. O-O Qe7 14. Nce2 Ne4 15. Bxe4 Bxe4 16. Nxe4 Qxe4 17. Nf4 Qe7 18. g3 g6 19. a4 Nc4 20. Qc2 O-O 21. b3 Nd6 22. b4 a6 23. Qc5 Rfe8 24. Rfb1 Kg7 25. Rc1 Rad8 26. Rab1 Qf6 27. Qc2 Rh8 28. Qe2 Qf5 29. Kg2 Rhe8 30. Qf3 Re7 31. Rb3 Rde8 32. Nd3 Qc8 33. b5 axb5 34. axb5 Ne4 35. Rc2 Rc7 36. bxc6 Rxc6 37. Rcb2 Rf6 38. Nf4 b6 39. Rxb6 Rxb6 40. Rxb6 Rd8 41. Rb5 Qc6 42. Ra5 Nf6 43. Rc5 Qd6 44. Nd3 Ng4 45. Qf4 Qe7 46. Rc7 Rd7 47. Rxd7 Qxd7 48. Qg5 f6 49. Qf4 1-0


[Site "https://www.chess.com"]

[Event "Titled Tuesday Blitz February 07 Early 2023"]
[White "Zierk, Steven"]
[Black "Perez Ponsa, Federico"]
[WhiteFideId "2034255"]
[BlackFideId "117927"]
[WhiteElo "2488"]
[BlackElo "2532"]
[Result "1-0"]
[Round "05"]
[TimeControl "180+2"]
[Date "2023.02.07"]
[WhiteClock "0:00:25"]
[BlackClock "0:00:09"]

1. e4 c5 2. Nf3 d6 3. d4 cxd4 4. Nxd4 Nf6 5. Nc3 a6 6. h3 e6 7. g4 h6 8. Bg2 Be7 9. Be3 Nc6 10. Qe2 Nxd4 11. Bxd4 e5 12. Be3 b5 13. O-O-O b4 14. Nd5 Nxd5 15. exd5 O-O 16. Be4 a5 17. Rdg1 Bh4 18. g5 hxg5 19. Qh5 f5 20. Bxg5 Bxg5+ 21. Rxg5 Ra7 22. Bxf5 Bxf5 23. Rxf5 Rxf5 24. Qxf5 Rf7 25. Qe6 Qf6 26. Rd1 Kh7 27. b3 Qf4+ 28. Kb2 Rf6 29. Qe7 Qxf2 30. Qc7 Qe3 31. a4 e4 32. Qc4 Rf5 33. Qd4 Qxd4+ 34. Rxd4 Re5 35. Kc1 Kh6 36. Kd2 Kh5 37. Ke3 Kh4 38. Rxe4+ Rxe4+ 39. Kxe4 Kxh3 40. Kf5 Kh4 41. Ke6 g5 42. Kxd6 g4 43. Kc6 g3 44. d6 g2 45. d7 g1=Q 46. d8=Q+ Kh3 47. Qh8+ Kg2 48. Qg8+ Kf1 49. Qxg1+ Kxg1 50. Kb5 1-0


[Site "https://www.chess.com"]

[Event "Titled Tuesday Blitz February 07 Early 2023"]
[White "Sjugirov, Sanan"]
[Black "Rakhmanov, Aleksandr"]
[WhiteFideId "4189302"]
[BlackFideId "4173708"]
[WhiteElo "2712"]
[BlackElo "2632"]
[Result "0-1"]
[Round "05"]
[TimeControl "180+2"]
[Date "2023.02.07"]
[WhiteClock "0:00:11"]
[BlackClock "0:00:12"]

1. d4 Nf6 2. c4 d6 3. Nf3 g6 4. g3 Bg7 5. Bg2 O-O 6. Nc3 Bf5 7. Qb3 Bc8 8. O-O Nc6 9. Rd1 Rb8 10. Qa3 a6 11. d5 Na7 12. Be3 b6 13. h3 c5 14. dxc6 Nxc6 15. Rac1 a5 16. Qb3 Be6 17. Nd5 Nd7 18. Qb5 Na7 19. Qa4 Nc5 20. Qa3 Nc6 21. Nd4 Nxd4 22. Bxd4 Bxd5 23. Bxd5 Qd7 24. Bg2 Rfc8 25. Bxg7 Kxg7 26. Qe3 Qe6 27. Qd2 Qf6 28. b3 h5 29. h4 Qe5 30. e3 Rc7 31. Qe2 Ra7 32. Rd5 Qf6 33. Rcd1 Rc7 34. R5d4 Kg8 35. Bh3 Rf8 36. Qc2 Ra7 37. Rf4 Qg7 38. a3 Nd7 39. Bxd7 Rxd7 40. Rfd4 Rc7 41. Rd5 Rfc8 42. Rb5 Rc6 43. a4 Qf6 44. Qe4 R8c7 45. Kg2 Kg7 46. Rdd5 Qe6 47. Qf3 Qf6 48. Qe2 Qe6 49. Rd4 Qf6 50. Rf4 Qe6 51. g4 hxg4 52. Rxg4 Rc5 53. Rxb6 Rh5 54. Rb5 Rcc5 55. Rxc5 dxc5 56. Qf3 Rf5 57. Rf4 Rh5 58. Qe4 Qxe4+ 59. Rxe4 e5 60. Rg4 f5 61. Rg3 Rxh4 62. Kg1 Kf6 63. Rg2 Rh8 64. Kf1 Rb8 65. Rh2 Kg7 66. Ke2 Rxb3 67. Rh1 Rb4 68. Rd1 Rxc4 69. Rd7+ Kf6 70. Rd6+ Kg5 71. Rd5 e4 72. Re5 Kf6 73. Rd5 Ke6 74. Rd8 Rxa4 75. Rg8 Kf6 76. Rc8 c4 77. Rc6+ Kg5 78. Ra6 Ra2+ 79. Kf1 c3 80. Rc6 c2 81. Kg2 a4 82. Kg3 a3 83. Rc5 Rb2 0-1


[Site "https://www.chess.com"]

[Event "Titled Tuesday Blitz February 07 Early 2023"]
[White "Ahmadzada, Ahmad"]
[Black "Bruzon Batista, Lazaro"]
[WhiteFideId "13413007"]
[BlackFideId "3503739"]
[WhiteElo "2488"]
[BlackElo "2611"]
[Result "0-1"]
[Round "05"]
[TimeControl "180+2"]
[Date "2023.02.07"]
[WhiteClock "0:00:02"]
[BlackClock "0:00:31"]

1. Nf3 Nf6 2. g3 d5 3. Bg2 e6 4. c4 Be7 5. O-O O-O 6. b3 b6 7. Bb2 Bb7 8. e3 c5 9. Qe2 dxc4 10. bxc4 Nc6 11. Nc3 a6 12. Rad1 Rc8 13. Ne1 Qc7 14. f4 Ne8 15. f5 Bf6 16. fxe6 fxe6 17. Qg4 Qe7 18. Nf3 Nd6 19. d3 Nf5 20. Rfe1 Kh8 21. a3 Rcd8 22. Rd2 Ba8 23. Na4 Bxb2 24. Nxb2 b5 25. cxb5 axb5 26. a4 bxa4 27. Qxa4 Nb4 28. e4 Nd6 29. Qa5 Rc8 30. Na4 Nf7 31. Nb6 Rcd8 32. d4 cxd4 33. Nxd4 Nc6 34. Nxc6 Bxc6 35. Rxd8 Rxd8 36. Nd5 Qg5 37. Qb6 exd5 38. Qxc6 d4 39. e5 Nxe5 40. Qe6 Ng6 41. Qe8+ Nf8 42. h4 Rxe8 0-1


[Site "https://www.chess.com"]

[Event "Titled Tuesday Blitz February 07 Early 2023"]
[White "Kilic, Eray"]
[Black "Kamsky, Gata"]
[WhiteFideId "44517173"]
[BlackFideId "2000024"]
[WhiteElo "2414"]
[BlackElo "2665"]
[Result "0-1"]
[Round "05"]
[TimeControl "180+2"]
[Date "2023.02.07"]
[WhiteClock "0:00:23"]
[BlackClock "0:00:12"]

1. e4 c5 2. Nf3 e6 3. c3 Nf6 4. e5 Nd5 5. d4 cxd4 6. cxd4 b6 7. Bd3 Be7 8. O-O Ba6 9. Nc3 Nxc3 10. bxc3 Bxd3 11. Qxd3 d5 12. c4 Nc6 13. Be3 O-O 14. Rfc1 Rc8 15. Qe2 dxc4 16. Rxc4 Nb4 17. Rac1 Rxc4 18. Qxc4 Nd5 19. Qa4 Qa8 20. h3 h6 21. Qa6 Rb8 22. Bd2 b5 23. Ba5 b4 24. Nd2 Bg5 25. Rc2 Bxd2 26. Rxd2 Qb7 27. Qd6 Rc8 28. Rb2 Rc4 29. Qd8+ Kh7 30. Qh4 Qa6 31. Bd8 Qa3 32. Rb3 Qxa2 33. Rf3 Qa1+ 34. Kh2 Qxd4 35. Qg3 Nf4 36. Be7 Qxe5 37. Bf8 Ng6 38. Rxf7 Qxg3+ 39. fxg3 Nxf8 40. Rxf8 a5 41. Rb8 a4 42. g4 b3 43. Ra8 Rb4 44. Kg3 b2 45. Kh4 b1=Q 0-1


[Site "https://www.chess.com"]

[Event "Titled Tuesday Blitz February 07 Early 2023"]
[White "Timofeev, Artyom"]
[Black "Orozbaev, Eldiar"]
[WhiteFideId "4140419"]
[BlackFideId "13802240"]
[WhiteElo "2567"]
[BlackElo "2235"]
[Result "1-0"]
[Round "05"]
[TimeControl "180+2"]
[Date "2023.02.07"]
[WhiteClock "0:01:27"]
[BlackClock "0:00:03"]

1. e4 e6 2. Qe2 Nc6 3. Nf3 g6 4. d4 Bg7 5. c3 Nge7 6. h4 d5 7. e5 a5 8. h5 b6 9. h6 Bf8 10. Bg5 Qd7 11. Bf6 Rg8 12. Ng5 Ba6 13. Qd1 Bxf1 14. Kxf1 Nf5 15. Nxh7 Nce7 16. Nxf8 Rxf8 17. h7 O-O-O 18. h8=Q Rxh8 19. Rxh8 Rxh8 20. Bxh8 Ng8 21. Na3 Qd8 22. Bf6 Nxf6 23. exf6 Qh8 24. Kg1 Qh4 25. Qf3 Nh6 26. Re1 c6 27. Nc2 Ng4 28. Qg3 Qh5 29. Ne3 Nxf6 30. f3 g5 31. Ng4 Nd7 32. Qd6 Qh4 33. Re2 f5 1-0


[Site "https://www.chess.com"]

[Event "Titled Tuesday Blitz February 07 Early 2023"]
[White "Bachmann, Axel"]
[Black "Sattarov, Bobir"]
[WhiteFideId "3700488"]
[BlackFideId "14203081"]
[WhiteElo "2604"]
[BlackElo "2366"]
[Result "1-0"]
[Round "05"]
[TimeControl "180+2"]
[Date "2023.02.07"]
[WhiteClock "0:00:05"]
[BlackClock "0:00:07"]

1. e4 e5 2. Bc4 Bc5 3. Nc3 Nc6 4. d3 Nf6 5. f4 d6 6. Nf3 Bg4 7. Na4 Nd4 8. Nxc5 dxc5 9. fxe5 Nd7 10. Bf4 Qe7 11. c3 Bxf3 12. gxf3 Nc6 13. e6 fxe6 14. O-O O-O-O 15. h3 Nde5 16. Qe2 Kb8 17. Rad1 Qh4 18. Qh2 Qf6 19. Bb5 Rhf8 20. Bxe5 Nxe5 21. f4 Ng6 22. f5 exf5 23. Rxf5 Qh4 24. Rdf1 Rxf5 25. Rxf5 Qe7 26. Bc4 Rf8 27. Qf2 Rxf5 28. Qxf5 c6 29. Bg8 Nf8 30. Bxh7 g6 31. Bxg6 Qg7 32. Kh1 Nxg6 33. Qg5 Qf7 34. Qd8# 1-0


[Site "https://www.chess.com"]

[Event "Titled Tuesday Blitz February 07 Early 2023"]
[White "Senlle Caride, Miguel"]
[Black "Ozen, Bahadir"]
[WhiteFideId "2282500"]
[BlackFideId "6337058"]
[WhiteElo "2343"]
[BlackElo "2369"]
[Result "1-0"]
[Round "05"]
[TimeControl "180+2"]
[Date "2023.02.07"]
[WhiteClock "0:00:14"]
[BlackClock "0:00:03"]

1. e4 d6 2. d4 Nf6 3. Nc3 e5 4. Nf3 Nbd7 5. Bc4 Be7 6. O-O O-O 7. a4 c6 8. Qe2 Qc7 9. Rd1 b6 10. Bg5 a6 11. h3 Rb8 12. dxe5 dxe5 13. Nh4 Nc5 14. b4 Ne6 15. Bxe6 Bxe6 16. Nf5 b5 17. axb5 axb5 18. Ra6 Bxf5 19. exf5 Rfe8 20. Bxf6 Bxf6 21. Ne4 Be7 22. f6 Bxf6 23. Nxf6+ gxf6 24. Qg4+ Kf8 25. Rd7 Qc8 26. Raa7 1-0


[Site "https://www.chess.com"]

[Event "Titled Tuesday Blitz February 07 Early 2023"]
[White "Daneshvar, Bardiya"]
[Black "Assaubayeva, Bibisara"]
[WhiteFideId "12576468"]
[BlackFideId "13708694"]
[WhiteElo "2540"]
[BlackElo "2464"]
[Result "1-0"]
[Round "05"]
[TimeControl "180+2"]
[Date "2023.02.07"]
[WhiteClock "0:00:47"]
[BlackClock "0:00:06"]

1. b3 Nf6 2. Bb2 g6 3. g3 Bg7 4. Bg2 O-O 5. Nf3 c5 6. c4 Nc6 7. O-O e6 8. d4 cxd4 9. Nxd4 d5 10. Nxc6 bxc6 11. Nc3 dxc4 12. bxc4 Qc7 13. Qa4 Rb8 14. Ba3 Rd8 15. Qxc6 Qa5 16. Be7 Rd7 17. Bxf6 Bxf6 18. Rad1 Rc7 19. Qe8+ Kg7 20. Ne4 Be7 21. Nd6 Bf8 22. Nb5 Re7 23. Qd8 Qxa2 24. Nd6 Qa6 25. Ne8+ Kg8 26. Nf6+ Kg7 27. Nd7 Bxd7 28. Qxb8 Qxc4 29. Qxa7 Bc6 30. Qa1+ Kg8 31. Rc1 1-0


[Site "https://www.chess.com"]

[Event "Titled Tuesday Blitz February 07 Early 2023"]
[White "Terry, Renato"]
[Black "Guseinov, Gadir"]
[WhiteFideId "3803457"]
[BlackFideId "13401378"]
[WhiteElo "2520"]
[BlackElo "2661"]
[Result "0-1"]
[Round "05"]
[TimeControl "180+2"]
[Date "2023.02.07"]
[WhiteClock "0:00:05"]
[BlackClock "0:00:12"]

1. d4 Nf6 2. Nf3 g6 3. Bg5 Bg7 4. c3 O-O 5. Nbd2 d6 6. e4 Nc6 7. Be2 e5 8. dxe5 Nxe5 9. Nxe5 dxe5 10. O-O b6 11. Qc2 Bb7 12. Rad1 Qe7 13. b4 a5 14. a3 axb4 15. axb4 h6 16. Be3 Rfd8 17. Rfe1 Qe6 18. Bc4 Rxd2 19. Rxd2 Qxc4 20. f3 Kh7 21. Qd3 Qe6 22. Red1 Bc6 23. Qb1 Ne8 24. b5 Bb7 25. Rd7 Rc8 26. Rd8 Nd6 27. Rxc8 Bxc8 28. Qb4 Bf8 29. Bf2 Be7 30. Qa4 Bd7 31. Rb1 Qc4 32. Qxc4 Nxc4 33. h3 Bd6 34. Rb3 f5 35. exf5 gxf5 36. Rb1 Kg6 37. g4 f4 38. Kg2 h5 39. gxh5+ Kxh5 40. h4 Be6 41. Ra1 Bd5 42. Rd1 Bb7 43. Bg1 e4 44. fxe4 Bxe4+ 45. Kh2 Kg4 46. Bf2 Ne5 47. Rg1+ Kf3 48. Bd4 Ke2 49. Ra1 Nf3+ 50. Kh3 Nxd4 51. cxd4 Bf5+ 52. Kg2 f3+ 53. Kh1 f2 54. Ra2+ Kf3 55. Ra3+ Bd3 56. Rxd3+ Ke2 57. Kg2 f1=Q# 0-1


[Site "https://www.chess.com"]

[Event "Titled Tuesday Blitz February 07 Early 2023"]
[White "Ohanyan, Emin"]
[Black "Sychev, Klementy"]
[WhiteFideId "13312022"]
[BlackFideId "4114060"]
[WhiteElo "2444"]
[BlackElo "2547"]
[Result "1-0"]
[Round "05"]
[TimeControl "180+2"]
[Date "2023.02.07"]
[WhiteClock "0:00:05"]
[BlackClock "0:00:01"]

1. e4 e5 2. Nc3 Nf6 3. Bc4 Nc6 4. d3 Bc5 5. f4 O-O 6. Nf3 Ng4 7. Ng5 d5 8. Nxd5 exf4 9. Bxf4 h6 10. Nh3 Nge5 11. Bb3 Bg4 12. Qc1 Kh7 13. Nf2 f5 14. O-O Nd4 15. Kh1 Nef3 16. Nxg4 fxg4 17. gxf3 gxf3 18. Qd2 c6 19. Nc3 Qh4 20. Be3 Qh3 21. Rf2 b5 22. e5 Rae8 23. Ne4 Bb6 24. e6 Ne2 25. Bxb6 axb6 26. Qe3 Qg4 27. Raf1 c5 28. Rxf3 Rxf3 29. Qxf3 Qxf3+ 30. Rxf3 Nd4 31. Rf7 Kg6 32. Nd6 Ra8 33. e7 1-0


[Site "https://www.chess.com"]

[Event "Titled Tuesday Blitz February 07 Early 2023"]
[White "Postny, Evgeny"]
[Black "Keymer, Vincent"]
[WhiteFideId "2804344"]
[BlackFideId "12940690"]
[WhiteElo "2549"]
[BlackElo "2700"]
[Result "0-1"]
[Round "05"]
[TimeControl "180+2"]
[Date "2023.02.07"]
[WhiteClock "0:00:03"]
[BlackClock "0:00:12"]

1. Nf3 d5 2. c4 d4 3. g3 Nc6 4. Bg2 e6 5. d3 Nf6 6. O-O Bc5 7. Bg5 Be7 8. Na3 O-O 9. Nc2 a5 10. b3 e5 11. Nd2 Bg4 12. a3 Nd7 13. Bxe7 Qxe7 14. Re1 f5 15. Qb1 Qg5 16. Nf3 Bxf3 17. Bxf3 e4 18. dxe4 Nde5 19. b4 axb4 20. Nxb4 f4 21. Bg2 fxg3 22. hxg3 Rxf2 23. Nd3 Rf7 24. Nxe5 Nxe5 25. Qxb7 Raf8 26. Rf1 Qe3+ 27. Kh1 Qh6+ 28. Kg1 Ng4 29. Rxf7 Qh2+ 30. Kf1 Rxf7+ 31. Ke1 Qxg3+ 32. Kd1 Qxg2 33. Qa8+ Rf8 34. Qd5+ Kh8 35. Qxd4 Qxe4 36. Qxe4 Nf2+ 37. Kd2 Nxe4+ 38. Ke3 Nc5 39. a4 Ra8 40. a5 Nb3 41. Ra3 Nxa5 42. Kf2 Kg8 43. c5 Rf8+ 44. Ke1 Nc4 45. Ra7 c6 46. Rc7 Ne5 47. Re7 Rf5 48. e4 Rg5 49. Ke2 Kf8 50. Rc7 Rg3 51. Kf2 Rc3 0-1


[Site "https://www.chess.com"]

[Event "Titled Tuesday Blitz February 07 Early 2023"]
[White "Vasquez Schroeder, Rodrigo"]
[Black "Urazayev, Arystanbek"]
[WhiteFideId "3400042"]
[BlackFideId "13709810"]
[WhiteElo "2524"]
[BlackElo "2460"]
[Result "1-0"]
[Round "05"]
[TimeControl "180+2"]
[Date "2023.02.07"]
[WhiteClock "0:00:28"]
[BlackClock "0:00:33"]

1. d4 d5 2. Nf3 Nf6 3. c4 e6 4. Nc3 h6 5. e3 a6 6. b3 b6 7. Bd3 Bb4 8. Bb2 Bb7 9. O-O O-O 10. a3 Bd6 11. Qe2 Nbd7 12. e4 dxe4 13. Nxe4 Bxe4 14. Bxe4 Nxe4 15. Qxe4 Nf6 16. Qe2 c5 17. Rad1 Qe7 18. dxc5 bxc5 19. Bxf6 gxf6 20. Qd2 Rfd8 21. Qxh6 Be5 22. Nxe5 fxe5 23. f4 Rxd1 24. Rxd1 e4 25. Re1 Rd8 26. h3 f5 27. Re3 Rd3 28. Rxd3 exd3 29. Kf2 Qd6 30. Ke1 Qd4 31. Qxe6+ Kh7 32. Qxf5+ Kh6 33. Qg5+ Kh7 34. Qh5+ 1-0


[Site "https://www.chess.com"]

[Event "Titled Tuesday Blitz February 07 Early 2023"]
[White "Gabrielian, Artur"]
[Black "Ter-Sahakyan, Samvel"]
[WhiteFideId "4131002"]
[BlackFideId "13302531"]
[WhiteElo "2452"]
[BlackElo "2617"]
[Result "1-0"]
[Round "05"]
[TimeControl "180+2"]
[Date "2023.02.07"]
[WhiteClock "0:00:16"]
[BlackClock "0:00:02"]

1. e4 c5 2. Nf3 Nc6 3. Bb5 e5 4. Nc3 Bd6 5. d3 Nge7 6. a3 h6 7. Bc4 Bc7 8. O-O d6 9. h3 O-O 10. Nh2 Be6 11. Ng4 Ng6 12. Nd5 Nce7 13. Nge3 Nxd5 14. Nxd5 Ne7 15. b4 cxb4 16. axb4 Nxd5 17. Bxd5 Bxd5 18. exd5 Bb6 19. Be3 f5 20. c4 f4 21. Bxb6 Qxb6 22. Qg4 Rf6 23. Rac1 Raf8 24. c5 Qxb4 25. c6 bxc6 26. dxc6 Qb8 27. c7 Qc8 28. Qf3 R6f7 29. Qc6 Rd7 30. Rc2 f3 31. gxf3 Kh8 32. Rfc1 Rff7 33. Kg2 a5 34. Qb6 a4 35. Qb8 Rf8 36. Rb2 Kh7 37. Rb7 a3 38. Qa7 Rdf7 39. Rb8 Qf5 40. Qe3 Rc8 41. Rxc8 1-0


[Site "https://www.chess.com"]

[Event "Titled Tuesday Blitz February 07 Early 2023"]
[White "Samunenkov, Ihor"]
[Black "Avinash, Ramesh"]
[WhiteFideId "14187086"]
[BlackFideId "45018340"]
[WhiteElo "2501"]
[BlackElo "2319"]
[Result "1/2-1/2"]
[Round "05"]
[TimeControl "180+2"]
[Date "2023.02.07"]
[WhiteClock "0:00:02"]
[BlackClock "0:01:06"]

1. e4 c5 2. Nf3 d6 3. d4 cxd4 4. Nxd4 Nf6 5. Nc3 a6 6. h3 g6 7. g3 Bg7 8. Bg2 O-O 9. O-O Nc6 10. Nb3 Be6 11. Nd5 Rc8 12. c3 Ne5 13. Nd4 Bxd5 14. exd5 Nc4 15. b3 Nb6 16. c4 Nbd7 17. Re1 Re8 18. Bb2 Nc5 19. Rc1 Qd7 20. b4 Na4 21. Ba1 Nb6 22. Qb3 Qa4 23. Red1 Qxb3 24. axb3 Nbd7 25. f4 Kf8 26. Re1 Nh5 27. Kh2 Bf6 28. Bf3 Ng7 29. g4 g5 30. fxg5 Bxg5 31. Rc2 Bf6 32. Be4 Kg8 33. Nf5 Nxf5 34. Bxf5 e6 35. dxe6 fxe6 36. Rxe6 Bxa1 37. Rxe8+ Rxe8 38. Bxd7 Re3 39. c5 Be5+ 40. Kg2 Rg3+ 41. Kf1 Rxh3 42. Bc8 Kf8 43. Bxb7 dxc5 44. bxc5 Rxb3 45. Bxa6 Rf3+ 46. Ke2 Rg3 47. Rc4 Rc3 48. c6 Rxc4 49. Bxc4 Kg7 50. Kf3 h5 51. gxh5 Bc7 52. Kg4 Kh8 53. Kg5 Ba5 54. Kg6 Bb6 55. Bd3 Ba5 56. h6 Bb6 57. Kf7 Ba5 58. Bg6 Bb6 59. Ke7 Ba5 60. Kd7 Bb6 61. Kc8 Ba5 62. Kb7 Bd8 63. c7 Bxc7 64. Kxc7 Kg8 65. Kd6 Kh8 66. Ke6 Kg8 67. Kf6 Kh8 68. Kf7 1/2-1/2


[Site "https://www.chess.com"]